cohdb
Replays
Latest Replays
All Replays
Popular Replays
Top Player Replays
Match Explorer
How It Works
Community
CoH3 Stats
Reddit
Sign in to upload your games and track your stats! →
Sign in with Steam
Match 41787081
Unlisted
Match 41787081
Overview
Messages
Build Orders
End
Construct Infanterie Kompanie
Pioneer Squad
Grenadier Squad
Selects Mechanized Battlegroup
MG 42 Machine Gun Team
Grenadier Squad
Medical Station
Construct Panzergrenadier Kompanie
Panzergrenadier Squad
Selects Raid Package
Pak 40 Anti-tank Gun Team
Pioneer Squad
Sniper
Selects 8 Rad Armored Car
Selects StuG Assault Group
Pak 40 Anti-tank Gun Team
StuG Assault Group
Luvnest
BIOHAZARD
0
0
Comments
sign in to comment!
No comments posted yet!